[ AOE2 MATCH · #506377713 ]
UnrankedMongols vs Chinese
Player's team · WIN
Rival team · LOSS
[ REPLAY ANALYSIS · EXTRACTED FROM THE RECORDED GAME ]
Feudal
13:31
Castle
—
Imperial
—
| APM avg | 70.2 |
| APM peak | 116 |
| eAPM avg | 19.9 |
| Villagers / military | 41 / 6 |
Focus
⚔️ 23.2% · 🌾 76.8%
Archer ×5 · Skirmisher ×1
Feudal
8:57
Castle
—
Imperial
—
| APM avg | 38.1 |
| APM peak | 53 |
| eAPM avg | 15.7 |
| Villagers / military | 39 / 3 |
Focus
⚔️ 24.7% · 🌾 75.3%
Archer ×3
Match map
Initial resources + every placement click. Lines = walls · curves = elevation contours. ◆ gold · ⬟ stone · ● berries · ✦ relic · ◌ wall gap
Your base· Open — unwalled flank
get wild's base· Open — unwalled flank
Smoothed initial terrain · ◌ = detected wall gap · hover for details
Inputs per minute
— Guthrie_Govan - - get wild
Build order — Guthrie_Govan
86 actions detected in the replay
| 0:00 | Queue | Villager (Male) |
| 0:00 | Queue | Villager (Male) |
| 0:01 | Queue | Villager (Male) |
| 0:02 | Build | House |
| 0:04 | Build | House |
| 0:07 | Queue | Villager (Male) |
| 1:30 | Queue | Villager (Male) |
| 1:52 | Build | Lumber Camp |
| 2:03 | Queue | Villager (Male) |
| 2:03 | Queue | Villager (Male) |
| 2:27 | Queue | Villager (Male) |
| 2:29 | Queue | Villager (Male) |
| 2:55 | Build | House |
| 3:08 | Queue | Villager (Male) |
| 3:14 | Queue | Villager (Male) |
| 3:30 | Build | House |
| 3:32 | Build | House |
| 4:11 | Queue | Villager (Male) |
| 4:20 | Queue | Villager (Male) |
| 4:37 | Queue | Villager (Male) |
| 5:01 | Queue | Villager (Male) |
| 5:11 | Build | Mill |
| 6:42 | Research | Loom |
| 6:56 | Build | Town Center |
| 7:06 | Build | Town Center |
| 7:11 | Build | Town Center |
| 8:07 | Queue | Villager (Male) |
| 8:08 | Queue | Villager (Male) |
| 8:08 | Queue | Villager (Male) |
| 8:08 | Queue | Villager (Male) |
| 8:38 | Build | Mill |
| 9:31 | Queue | Villager (Male) |
| 10:03 | Build | Palisade Wall |
| 10:05 | Build | Palisade Wall |
| 10:07 | Queue | Villager (Male) |
| 10:10 | Queue | Villager (Male) |
| 10:11 | Queue | Villager (Male) |
| 10:28 | Queue | Villager (Male) |
| 10:33 | Research | Loom |
| 11:21 | Research | Feudal Age |
| 11:37 | Build | Mining Camp |
| 13:15 | Build | Barracks |
| 13:31 | Age | Feudal Age |
| 13:37 | Research | Double-Bit Axe |
| 13:45 | Build | Archery Range |
| 13:58 | Queue | Villager (Male) |
| 14:03 | Build | House |
| 14:03 | Build | House |
| 14:14 | Build | Watch Tower |
| 14:21 | Queue | Skirmisher |
| 14:29 | Queue | Villager (Male) |
| 14:37 | Build | Watch Tower |
| 14:43 | Build | Palisade Wall |
| 14:52 | Queue | Villager (Male) |
| 15:20 | Build | House |
| 15:56 | Build | Watch Tower |
| 16:02 | Queue | Villager (Male) |
| 16:05 | Build | Mining Camp |
| 16:09 | Build | Farm |
| 16:11 | Build | Farm |
| 16:27 | Queue | Villager (Male) |
| 16:58 | Build | Watch Tower |
| 17:07 | Queue | Villager (Male) |
| 17:12 | Build | Blacksmith |
| 17:18 | Queue | Villager (Male) |
| 17:25 | Queue | Archer |
| 17:45 | Queue | Archer |
| 17:47 | Queue | Villager (Male) |
| 17:54 | Research | Fletching |
| 17:55 | Queue | Villager (Male) |
| 17:59 | Build | Farm |
| 18:06 | Queue | Villager (Male) |
| 18:35 | Queue | Archer |
| 18:36 | Queue | Villager (Male) |
| 18:46 | Queue | Villager (Male) |
| 18:48 | Build | Market |
| 18:52 | Build | Farm |
| 18:53 | Build | Farm |
| 18:53 | Queue | Villager (Male) |
| 19:11 | Queue | Archer |
| 19:12 | Queue | Villager (Male) |
| 19:27 | Queue | Villager (Male) |
| 19:33 | Queue | Villager (Male) |
| 19:40 | Build | Watch Tower |
| 19:51 | Queue | Archer |
| 19:52 | Queue | Villager (Male) |
Build order — get wild
104 actions detected in the replay
| 0:01 | Research | Loom |
| 0:48 | Queue | Villager (Male) |
| 1:10 | Queue | Villager (Male) |
| 1:10 | Queue | Villager (Male) |
| 1:32 | Queue | Villager (Male) |
| 1:32 | Queue | Villager (Male) |
| 2:02 | Queue | Villager (Male) |
| 2:09 | Build | Lumber Camp |
| 2:27 | Queue | Villager (Male) |
| 2:46 | Queue | Villager (Male) |
| 3:07 | Queue | Villager (Male) |
| 3:29 | Build | House |
| 3:30 | Build | House |
| 3:36 | Queue | Villager (Male) |
| 3:50 | Queue | Villager (Male) |
| 4:18 | Queue | Villager (Male) |
| 4:29 | Queue | Villager (Male) |
| 4:34 | Build | Mill |
| 5:15 | Queue | Villager (Male) |
| 5:30 | Build | Palisade Wall |
| 5:37 | Build | Palisade Wall |
| 5:46 | Queue | Villager (Male) |
| 6:02 | Queue | Villager (Male) |
| 6:47 | Research | Feudal Age |
| 6:56 | Build | House |
| 6:59 | Build | House |
| 7:04 | Build | House |
| 7:10 | Build | House |
| 7:41 | Build | Lumber Camp |
| 8:38 | Queue | Villager (Male) |
| 8:43 | Build | House |
| 8:57 | Age | Feudal Age |
| 9:06 | Research | Double-Bit Axe |
| 9:18 | Build | House |
| 9:24 | Queue | Villager (Male) |
| 9:53 | Queue | Villager (Male) |
| 9:58 | Build | House |
| 10:41 | Build | Town Center |
| 11:34 | Research | Horse Collar |
| 11:43 | Queue | Villager (Male) |
| 11:49 | Build | Barracks |
| 12:04 | Build | House |
| 12:09 | Queue | Villager (Male) |
| 12:25 | Build | Farm |
| 12:27 | Build | Farm |
| 12:29 | Queue | Villager (Male) |
| 12:48 | Queue | Villager (Male) |
| 12:56 | Build | Archery Range |
| 13:01 | Queue | Villager (Male) |
| 13:26 | Build | House |
| 13:29 | Build | House |
| 13:32 | Build | House |
| 13:36 | Queue | Villager (Male) |
| 13:47 | Queue | Villager (Male) |
| 14:08 | Build | Blacksmith |
| 14:12 | Build | House |
| 14:14 | Build | House |
| 14:16 | Queue | Archer |
| 14:19 | Queue | Villager (Male) |
| 14:28 | Build | House |
| 14:33 | Queue | Archer |
| 14:41 | Build | Palisade Wall |
| 14:43 | Build | Palisade Wall |
| 14:45 | Build | Palisade Wall |
| 14:47 | Queue | Villager (Male) |
| 15:05 | Build | House |
| 15:15 | Build | Mining Camp |
| 15:20 | Build | House |
| 15:20 | Queue | Villager (Male) |
| 15:34 | Build | Lumber Camp |
| 15:40 | Queue | Villager (Male) |
| 15:56 | Queue | Villager (Male) |
| 16:03 | Queue | Villager (Male) |
| 16:15 | Build | House |
| 16:17 | Build | Palisade Wall |
| 16:19 | Build | House |
| 16:26 | Build | House |
| 16:26 | Queue | Villager (Male) |
| 16:34 | Build | Lumber Camp |
| 16:41 | Queue | Villager (Male) |
| 16:45 | Build | Farm |
| 16:57 | Build | Market |
| 17:08 | Build | Palisade Wall |
| 17:27 | Build | Farm |
| 17:28 | Queue | Villager (Male) |
| 17:46 | Build | Watch Tower |
| 17:48 | Queue | Villager (Male) |
| 17:55 | Build | Mill |
| 17:55 | Build | Farm |
| 17:56 | Build | Farm |
| 17:56 | Build | Farm |
| 17:56 | Build | Farm |
| 17:57 | Queue | Villager (Male) |
| 17:59 | Build | Farm |
| 18:02 | Build | Farm |
| 18:18 | Research | Fletching |
| 18:35 | Build | Mining Camp |
| 18:48 | Queue | Villager (Male) |
| 18:50 | Queue | Archer |
| 18:54 | Build | Farm |
| 18:57 | Build | Farm |
| 18:59 | Build | Farm |
| 19:14 | Build | Farm |
| 19:16 | Queue | Villager (Male) |
Match timeline
| 5:30 | get wild · wall_segment Palisade Wall x11 |
| 5:37 | get wild · wall_segment Palisade Wall x1 |
| 8:57 | get wild · age_up feudal |
| 10:03 | Guthrie_Govan · wall_segment Palisade Wall x1 |
| 10:05 | Guthrie_Govan · wall_segment Palisade Wall x1 |
| 11:49 | get wild · first_building Barracks |
| 12:56 | get wild · first_building Archery Range |
| 13:15 | Guthrie_Govan · first_building Barracks |
| 13:31 | Guthrie_Govan · age_up feudal |
| 13:45 | Guthrie_Govan · first_building Archery Range |
| 14:41 | get wild · wall_segment Palisade Wall x1 |
| 14:43 | get wild · wall_segment Palisade Wall x1 |
| 14:43 | Guthrie_Govan · wall_segment Palisade Wall x1 |
| 14:45 | get wild · wall_segment Palisade Wall x1 |
| 16:17 | get wild · wall_segment Palisade Wall x1 |
| 17:08 | get wild · wall_segment Palisade Wall x7 |
| 19:52 | get wild · resign |
[ AI ANALYSIS · 1 CREDIT ]
What really happened in this match?
Wolo.gg analyzes every decision: build order, eco, micro, common mistakes by bracket. Personalized analysis on WhatsApp or Discord in 30 seconds.
Civ guide
Mongols
Perfil
Jugador #4224302